 Dungeon Crawl Stone Soup version 0.29.0-7-g18a832c13a (webtiles) character file.

Game seed: 3747905418435918900

1977 SnakkuSnakku7 the Trooper (level 9, -7/68 HPs)
             Began as a Djinni Chaos Knight on Aug 31, 2022.
             Was a Plaything of Xom.
             Mangled by a two-headed ogre
             ... wielding a +0 giant club
              (17 damage)
             ... on level 6 of the Dungeon.
             The game lasted 00:09:23 (5566 turns).

SnakkuSnakku7 the Trooper (Djinni Chaos Knight)     Turns: 5566, Time: 00:09:25

Health: -7/68      AC: 13    Str: 18    XL:     9   Next: 43%
Gold:   299        EV: 10    Int: 18    God:    Xom [...*..] SH:  8 Dex: 14

rFire   + + .      SeeInvis .   a - +2 flail (protect)
rCold   + + .      Faith    .   t - +1 kite shield of Liberalism {Rampage *Corrode rC+++ Dex+4}
rNeg    + . .      Spirit   .   b - +2 leather armour
rPois   ∞          Reflect  .   p - +0 helmet
rElec   .          Harm     .   (no cloak)
rCorr   +          Rampage  +   (no gloves)
Will    .....                   (boots unavailable)
Stlth   +.........              (no amulet)
HPRegen 1.01/turn               h - ring of resist corrosion
MPRegen 0.00/turn               y - ring of positive energy

@: under a protective aura, flying
A: sickness immunity, fire resistance 2, cold vulnerability 1, float, innate
caster, HP casting, extra vitality 1, clever 1, regeneration 1, screaming 1,
strong 1
a: Renounce Religion


You were on level 6 of the Dungeon.
You worshipped Xom.
You were a favourite toy of Xom.
You visited 1 branch of the dungeon, and saw 6 of its levels.

You collected 299 gold pieces.

Inventory:

Hand Weapons
 a - a +2 flail of protection (weapon)
 m - a +2 short sword of venom
 A - a +0 mace of chaos
Missiles
 f - 17 boomerangs (quivered)
Armour
 b - a +2 leather armour (worn)
 p - a +0 helmet (worn)
 t - the +1 kite shield of Liberalism (worn) {Rampage *Corrode rC+++ Dex+4}
   (You found it on level 2 of the Dungeon)

   Dex:       It affects your dexterity (+4).
   rC:        It renders you almost immune to cold.
   *Corrode:  It may corrode you when you take damage.
   Rampage:   It bestows one free step when moving towards enemies.
Jewellery
 h - a ring of resist corrosion (left hand)
 y - a ring of positive energy (right hand)
 B - a ring of ice
Scrolls
 e - 2 scrolls of blinking {unknown}
 g - a scroll of enchant armour {unknown}
 i - a scroll of torment {unknown}
 j - a scroll of teleportation
 k - a scroll of poison {unknown}
 q - a scroll of fear {unknown}
 r - a scroll of immolation
 s - a scroll of vulnerability {unknown}
 w - a scroll of silence {unknown}
 x - 3 scrolls of fog {unknown}
 z - a scroll of noise {unknown}
 C - a scroll of enchant weapon {unknown}
Potions
 d - a potion of curing
 l - 4 potions of heal wounds
 n - a potion of might
 o - a potion of berserk rage {unknown}
 u - a potion of brilliance
 v - a potion of ambrosia
 D - 3 potions of attraction {unknown}
Miscellaneous
 c - a piece from Xom's chessboard (15/15)


   Skills:
 - Level 7.5 Fighting
 + Level 4.3 Maces & Flails
 - Level 7.0 Throwing
 - Level 1.0 Armour
 - Level 2.1 Dodging


You couldn't memorise any spells.
You knew the following spells:

 Your Spells              Type           Power      Damage    Failure   Level
a - Beastly Appendage     Tmut           0%         N/A       67%         1
b - Passwall              Tmut/Erth      0%         N/A       82%         2
c - Frozen Ramparts       Ice            0%         1d1       96%         3
d - Iskenderun's Mystic   Conj/Tloc      0%         2d3       100%        4
Your spell library was empty.


Dungeon Overview and Level Annotations

Branches:
Dungeon (6/15)             Temple (0/1) D:6

Altars:

Shops:
D:6 (

Annotations:
D:4 2 transporters, LynnLen's ghost, weakling SpCj
D:6 1 runed translucent door, nickcage's ghost, novice OgGl


Innate Abilities, Weirdness & Mutations

You are immune to sickness and miasma.
You are immune to poison.
Your flesh is very heat resistant. (rF++)
You are vulnerable to cold. (rC-)
You float through the air rather than walking.
You learn spells naturally, not from books.
Your magical power is your life essence.
You have superior vitality. (+4 MHP)
Your mind is acute. (Int +4, Str/Dex -1)
Your natural rate of healing is unusually fast.
You occasionally shout uncontrollably at your foes.
Your muscles are strong. (Str +4, Int/Dex -1)


Message History

You hit the centaur.
The centaur is severely wounded.
You block the centaur's attack. The centaur kicks you. The centaur hits you.
The centaur barely misses you.
You sock the centaur!
You kill the centaur! "Let's go for a ride!"
Your surroundings seem slightly different.
You are now a toy of Xom.
Found a stone staircase leading up.
Found 17 gold pieces and 3 stones.
Found a stone staircase leading up.
You now have 282 gold pieces (gained 19).
You are now a favourite toy of Xom.
Found a runed translucent door.
Nickcage's ghost turns its malevolent gaze towards you.
You now have 299 gold pieces (gained 17).
A two-headed ogre comes into view.
It is wielding a +0 giant club and a +0 giant spiked club.
You rampage towards the two-headed ogre!
You rampage towards the two-headed ogre!
The two-headed ogre shouts in stereo!
You sock the two-headed ogre!
Your weapon exudes an aura of protection.
The two-headed ogre is lightly wounded.
You block the two-headed ogre's attack. The two-headed ogre barely misses you.
You hit the two-headed ogre but do no damage.
The two-headed ogre is lightly wounded.
The two-headed ogre hits you with a +0 giant club.
The two-headed ogre hits you with a +0 giant spiked club.
You sock the two-headed ogre!
The two-headed ogre is moderately wounded.
The two-headed ogre hits you with a +0 giant club!
The two-headed ogre hits you with a +0 giant spiked club!!
You sock the two-headed ogre!
The two-headed ogre is heavily wounded.
The two-headed ogre hits you with a +0 giant club!!
* * * LOW HITPOINT WARNING * * *
You emit a cloud of colourful smoke!
The two-headed ogre hits you with a +0 giant spiked club!
You die...
Xom guffaws!

.#.....### #.# ##.##### #.#
#... ....### #.# ...#
......# #.######## ...##
.⌠..#.######........# ..##.
....#...........)##.# ..##..
......##########.##.##..+W..
....#.# #####§##.....##..
.⌠..#.# #...O@§.......##.
......# #.###§#........##
....### #...........# ##.##
#.........<...... ...#
#..##.......#.... #### #.
#.....<###### ## # ###.(..#
.# ##.#.# .# .#.#


You could see a two-headed ogre.

Vanquished Creatures
  Pikel (D:5)
  A steam dragon (D:5)
  Edmund (D:6)
  2 centaurs
  A lemure (D:5)
  2 bullfrogs
  2 necrophages (D:4)
  4 orc priests
  5 hounds
  A jelly (D:6)
  A gnoll bouda (D:5)
  2 iguanas (D:4)
  6 orc wizards
  Robin (D:2)
  7 gnolls (D:5)
  6 adders
  3 white imps
  An ufetubus (D:5)
  2 worms
  4 dart slugs
  13 orcs
  11 ball pythons
  5 bats
  7 endoplasms
  3 giant cockroaches
  13 goblins
  8 hobgoblins
  8 kobolds
  A quokka (D:4)
  2 frilled lizards
  6 rats
130 creatures vanquished.

Vanquished Creatures (collateral kills)
  An orc wizard (D:4)
1 creature vanquished.

Vanquished Creatures (others)
  2 orcs (D:5)
2 creatures vanquished.

Grand Total: 133 creatures vanquished

Notes
Turn   | Place    | Note
-------+----------+-------------------------------------------
     0 | D:1      | SnakkuSnakku7 the Djinni Chaos Knight began the quest for
                  | the Orb.
     0 | D:1      | Reached XP level 1. HP: 20/20 MP: 0/0
     7 | D:1      | XOM: potion effect (invisibility)
    38 | D:1      | Reached XP level 2. HP: 25/25 MP: 0/0
    48 | D:1      | XOM: silly message
   274 | D:1      | XOM: silly message
   363 | D:1      | Found a faded altar of an unknown god.
   515 | D:1      | Reached XP level 3. HP: 30/30 MP: 0/0
   515 | D:1      | Learned a level 1 spell: Beastly Appendage
   797 | D:2      | XOM: silly message
   802 | D:2      | XOM: swap monsters
   923 | D:2      | Reached skill level 1 in Throwing
   986 | D:2      | Noticed Robin
  1003 | D:1      | XOM: noise
  1317 | D:2      | XOM: enchant monster (good)
  1321 | D:2      | Reached XP level 4. HP: 35/35 MP: 0/0
  1388 | D:2      | XOM: divination: detect items
  1397 | D:2      | Killed Robin
  1399 | D:2      | XOM: polymorph goblin -> hobgoblin
  1651 | D:2      | Identified the +1 kite shield of Liberalism {Rampage
                  | *Corrode rC+++ Dex+4}
  1868 | D:3      | XOM: noise
  1890 | D:3      | Reached XP level 5. HP: 20/40 MP: 0/0
  1890 | D:3      | Learned a level 2 spell: Passwall
  2057 | D:3      | XOM: 3-stop teleportation journey
  2448 | D:4      | XOM: enchant monster (bad)
  2453 | D:4      | XOM: confuse monster(s)
  2520 | D:4      | Found a transporter.
  2523 | D:4      | Noticed LynnLen's ghost (weakling SpCj)
  2524 | D:4      | Found a transporter.
  2541 | D:4      | XOM: blink monster(s)
  2560 | D:3      | Reached XP level 6. HP: 30/46 MP: 0/0
  2672 | D:4      | XOM: fog
  2676 | D:4      | XOM: cast spell 'Summon Cactus Giant'
  2775 | D:4      | XOM: 2-stop teleportation journey
  2802 | D:4      | XOM: divination: detect creatures
  2810 | D:4      | Reached skill level 5 in Throwing
  2810 | D:4      | Reached XP level 7. HP: 37/50 MP: 0/0
  2810 | D:4      | Learned a level 3 spell: Frozen Ramparts
  3314 | D:5      | Entered Level 5 of the Dungeon
  3314 | D:5      | XOM: enchant monster (good)
  3316 | D:5      | XOM: divine lightning
  3369 | D:3      | XOM: polymorph orc -> frilled lizard
  3501 | D:3      | XOM: divination: detect creatures
  3737 | D:4      | XOM: draining
  3961 | D:5      | Reached XP level 8. HP: 36/55 MP: 0/0
  3984 | D:5      | XOM: 2-stop teleportation journey
  3993 | D:5      | XOM: god gift: atropa-tipped dart
  4003 | D:5      | Noticed Eustachio
  4012 | D:5      | XOM: 3-stop teleportation journey
  4203 | D:4      | XOM: god gift: notched copper ring {god gift}
  4234 | D:5      | XOM: 1-stop teleportation journey
  4503 | D:5      | XOM: cloud trail
  4640 | D:5      | XOM: divine lightning
  4644 | D:5      | XOM: fog
  4702 | D:5      | Noticed Eustachio
  4702 | D:5      | Eustachio changed into Eustachio the bullfrog
  4702 | D:5      | XOM: polymorph Eustachio -> Eustachio the bullfrog
  5086 | D:5      | XOM: divination: detect creatures
  5089 | D:5      | Killed Eustachio the bullfrog
  5111 | D:5      | XOM: give mutations
  5111 | D:5      | Gained mutation: Your natural rate of healing is unusually
                  | fast. [Xom's grace]
  5158 | D:6      | Noticed Pikel
  5171 | D:5      | XOM: summons friendly ufetubus
  5190 | D:5      | Killed Pikel
  5191 | D:5      | Reached XP level 9. HP: 61/67 MP: 0/0
  5191 | D:5      | Learned a level 4 spell: Iskenderun's Mystic Blast
  5225 | D:6      | Noticed Edmund
  5278 | D:6      | XOM: cast spell 'Chain of Chaos'
  5294 | D:6      | Killed Edmund
  5338 | D:6      | Found Alityng's Antique Weapon Emporium.
  5409 | D:6      | XOM: give mutations
  5409 | D:6      | Gained mutation: Your mind is acute. (Int +4, Str/Dex -1)
                  | [Xom's mischief]
  5409 | D:6      | Gained mutation: Your muscles are strong. (Str +4, Int/Dex
                  | -1) [Xom's mischief]
  5409 | D:6      | Gained mutation: You occasionally shout uncontrollably at
                  | your foes. [Xom's mischief]
  5478 | D:6      | Found a staircase to the Ecumenical Temple.
  5546 | D:6      | XOM: 1-stop teleportation journey
  5556 | D:6      | Found a runed translucent door.
  5559 | D:6      | Noticed nickcage's ghost (novice OgGl)
  5560 | D:6      | Noticed a two-headed ogre
  5566 | D:6      | XOM: smoke on damage
  5566 | D:6      | Mangled by a two-headed ogre

Illustrated notes

Levels and vault maps discovered:
D:1:      dpeg_arrival_line_fractal, layout_loops_cross,
          dreamdust_ecumenical_altar_statues
D:2:      layout_loops_ring, uniq_robin
D:3:      layout_rooms, kennysheep_path_1
D:4:      layout_cave_pools, old_standard_altar, gammafunk_ghost_mausoleum
D:5:      layout_rooms, uniq_eustachio
D:6:      layout_loops_ring, grunt_gozag_breadcrumbs,
          minmay_temple_entry_large_hall, hellmonk_ghost_happy_afterlife,
          serial_shops, shop, chequers_garden, minmay_fire_ice_demons,
          uniq_pikel, uniq_edmund

Skill      XL: |  1  2  3  4  5  6  7  8  9 |
---------------+----------------------------+-----
Maces & Flails | 3 4 |  4.3
Throwing       | 1 2 3 5 6 7 |  7.0
Fighting       | 6 7 |  7.5
Armour         | |  1.0
Dodging        | |  2.1

Action                   |  1- 3 |  4- 6 |  7- 9 || total
-------------------------+-------+-------+-------++-------
Melee: Mace              |    75 |       |       ||    75
       Short sword       |    20 |   142 |   260 ||   422
       Punch             |     1 |       |       ||     1
       Flail             |       |       |    38 ||    38
  Use: Scroll            |       |       |     8 ||     8
       Potion            |       |       |     3 ||     3
 Stab: Invisible         |     3 |       |       ||     3
       Sleeping          |     1 |       |     2 ||     3
       Paralysed         |     1 |       |       ||     1
Armor: Leather armour    |    28 |    63 |   133 ||   224
Dodge: Dodged            |    65 |    67 |   189 ||   321
Block: Kite shield       |       |    56 |   202 ||   258
